 Dungeon Crawl Stone Soup version 0.28-a0-577-gb193047a1f (webtiles) character file.

Game seed: 3391809923681292888

1033 robertstho the Magician (level 8, -1/56 HPs)
             Began as a Djinni Fire Elementalist on Oct 1, 2021.
             Slain by Duvessa (8 damage)
             ... on level 6 of the Dungeon.
             The game lasted 00:05:32 (5727 turns).

robertstho the Magician (Djinni Fire Elementalist)  Turns: 5727, Time: 00:05:33

Health: -1/56      AC:  2    Str:  7    XL:     8   Next: 48%
Gold:   197        EV: 12    Int: 19    God:
                   SH:  0    Dex: 14

rFire   + + +      SeeInvis +   l - staff of fire
rCold   x . .      Faith    .   (no shield)
rNeg    . . .      Spirit   .   a - +0 robe
rPois   ∞          Reflect  .   (no helmet)
rElec   .          Harm     .   (no cloak)
rCorr   .          Rampage  .   (no gloves)
Will    .....                   (boots unavailable)
Stlth   ++........              (no amulet)
HPRegen 0.18/turn               q - ring of see invisible
MPRegen 0.00/turn               s - ring of wizardry

@: flying
A: sickness immunity, fire resistance 2, cold vulnerability 1, float, innate
caster, hp casting, extra vitality 1
a: no special abilities


You were on level 6 of the Dungeon.
You visited 1 branch of the dungeon, and saw 6 of its levels.

You collected 197 gold pieces.

Inventory:

Hand Weapons
 c - a +0 dagger
 n - a +0 vampiric short sword
Missiles
 k - 100 stones
Armour
 a - a +0 robe (worn)
Magical Staves
 l - a staff of fire (weapon)
Jewellery
 q - a ring of see invisible (left hand)
 s - a ring of wizardry (right hand)
Scrolls
 e - a scroll of noise {unknown}
 f - 4 scrolls of identify {unknown}
 m - a scroll of teleportation {unknown}
 r - 2 scrolls of enchant weapon {unknown}
 t - a scroll of enchant armour {unknown}
 v - a scroll of fear {unknown}
Potions
 b - 3 potions of curing {unknown}
 d - a potion of berserk rage {unknown}
 g - a potion of mutation {unknown}
 h - 2 potions of flight
 i - 2 potions of brilliance {unknown}
 j - 2 potions of haste {unknown}
 o - a potion of heal wounds {unknown}
 p - a potion of degeneration {unknown}
 u - 2 potions of attraction {unknown}


   Skills:
 * Level 3.1 Fighting
 + Level 0.7 Short Blades
 + Level 2.5 Dodging
 + Level 2.1 Stealth
 * Level 6.8 Spellcasting


You had one spell level left.
You knew the following spells:

 Your Spells              Type           Power      Damage    Failure   Level
a - Foxfire               Conj/Fire      100%       2x1d9     1%          1
b - Scorch                Fire           98%        2d10      1%          2
c - Conjure Flame         Conj/Fire      49%        6-21      1%          3
d - Inner Flame           Hex/Fire       49%        N/A       1%          3
e - Flame Wave            Conj/Fire      49%        3d9       2%          4
f - Sandblast             Erth           64%        2d14      1%          1
g - Call Imp              Summ           32%        N/A       1%          2
h - Vampiric Draining     Necr           16%        2d8       1%          3
Your spell library was empty.

Dungeon Overview and Level Annotations

Branches:
Dungeon (7/15)
 Temple: D:4-7

Altars:
Sif Muna

Annotations:
D:4 1 transporter
D:6 Dowan, Duvessa


Innate Abilities, Weirdness & Mutations

You are immune to sickness and miasma.
You are immune to poison.
Your flesh is very heat resistant. (rF++)
You are vulnerable to cold. (rC-)
You float through the air rather than walking.
You learn spells naturally, not from books.
Your magical power is your life essence.
You have superior vitality. (+4 HP)


Message History

A beastly little devil appears in a puff of flame.
You swap places.
Your crimson imp blinks!
Duvessa hits you with a +0 short sword!
Your crimson imp hits Duvessa but does no damage.
Your crimson imp closely misses Duvessa.
Dowan smirks and points a slender finger.
Dowan mumbles some strange words.
Dowan blinks!
Duvessa barely misses you.
Your crimson imp blinks!
Dowan casts a spell.
Dowan blinks!
Duvessa says, "I don't care about looks, I care about technique!"
Duvessa closely misses you.
Casting: Call Imp (safe; 1% risk of failure)
Confirm with . or Enter, or press ? or * to list all spells.
Aiming: Vampiric Draining (safe; 1% risk of failure)
Press: ? - help, Shift-Dir - straight line, f - Duvessa
Aim: Duvessa, wielding a +0 short sword and wearing a +0 scale mail (fast)
You draw life force from Duvessa!
You feel life coursing into your body.
Duvessa hits you with a +0 short sword. x2
Unknown command.
Casting: Vampiric Draining (safe; 1% risk of failure)
Confirm with . or Enter, or press ? or * to list all spells.
You don't know that spell.
Duvessa hits you with a +0 short sword!
Unknown command.
Casting: Vampiric Draining (safe; 1% risk of failure)
Confirm with . or Enter, or press ? or * to list all spells.
Aiming: Vampiric Draining (safe; 1% risk of failure)
Press: ? - help, Shift-Dir - straight line, f/p - Duvessa
Aim: Duvessa, wielding a +0 short sword and wearing a +0 scale mail (moderately wounded, fast)
You draw life force from Duvessa!
You feel life coursing into your body.
Duvessa hits you with a +0 short sword! x2
* * * LOW HITPOINT WARNING * * *
Okay, then.
It was a potion of flight.
You feel more buoyant. Duvessa hits you with a +0 short sword!
You die...

#.# #.###.♣. #.##.# ##..#.#.#
#.##.# #..#)#.## #.##.#
#.#)♣.### #.##.# #.)#.###.
#.##.# ##)####.# #.##.#
#######.##.8.
#.##.########........##.#
########e.5...e@.....#####.#..#.
#.....§.....########## #.#....
#.########### #.#.##. #.#
#.#.##. #.# #.#.### #5#
#.####...... #e# # #.#.......###
##e#.# #........... ....(#
....##########


You could see Duvessa (fast), Dowan (ally target) and a friendly crimson imp
(summoned).

Vanquished Creatures
  Sigmund (D:2)
  A black bear (D:7)
  A centaur (D:7)
  A kobold brigand (D:6)
  A wyvern zombie (D:7)
  A scorpion (D:4)
  4 wights (D:7)
  A howler monkey (D:4)
  An orc priest (D:7)
  2 iguanas
  A bullfrog skeleton (D:6)
  Terence (D:2)
  An orc wizard (D:4)
  7 adders
  A gnoll (D:1)
  An ufetubus (D:6)
  2 worms
  2 dart slugs (D:2)
  10 orcs
  6 ball pythons
  5 bats
  6 endoplasms
  2 giant cockroaches (D:1)
  6 goblins
  4 hobgoblins
  6 jackals (D:1)
  2 quokkas
  2 frilled lizards (D:1)
  8 kobolds
  6 rats
93 creatures vanquished.

Vanquished Creatures (others)
  177 foxfires
177 creatures vanquished.

Grand Total: 270 creatures vanquished

Notes
Turn   | Place    | Note
-------+----------+-------------------------------------------
     0 | D:1      | robertstho the Djinni Fire Elementalist began the quest for
                  | the Orb.
     0 | D:1      | Reached XP level 1. HP: 15/15 MP: 0/0
   201 | D:1      | Reached XP level 2. HP: 14/22 MP: 0/0
   499 | D:1      | Found a faded altar of an unknown god.
   813 | D:1      | Reached skill level 3 in Spellcasting
   813 | D:1      | Reached XP level 3. HP: 23/26 MP: 0/0
   813 | D:1      | Learned a level 1 spell: Sandblast
  1720 | D:2      | Noticed Terence
  1723 | D:2      | Killed Terence
  1724 | D:2      | Reached skill level 1 in Fighting
  1724 | D:2      | Reached XP level 4. HP: 25/32 MP: 0/0
  2047 | D:2      | Noticed Sigmund
  2053 | D:2      | Killed Sigmund
  2054 | D:2      | Reached skill level 4 in Spellcasting
  2054 | D:2      | Reached XP level 5. HP: 32/38 MP: 0/0
  2054 | D:2      | Learned a level 2 spell: Call Imp
  2054 | D:2      | Reached XP level 6. HP: 37/43 MP: 0/0
  3849 | D:4      | Reached skill level 5 in Spellcasting
  3909 | D:4      | Reached XP level 7. HP: 42/48 MP: 0/0
  3909 | D:4      | Learned a level 3 spell: Vampiric Draining
  3995 | D:4      | Found a transporter.
  3995 | D:4      | Noticed a fire bat
  3997 | D:4      | Noticed a fire bat
  4126 | D:4      | You are sucked into a shaft and drop 3 floors!
  4492 | D:7      | Reached skill level 6 in Spellcasting
  4692 | D:7      | Reached XP level 8. HP: 42/54 MP: 0/0
  5604 | D:6      | Identified the +7 war axe of Circular Logic {spect, Fragile
                  | Fly Str-2 Int+9}
  5695 | D:6      | Noticed Dowan
  5697 | D:6      | Noticed Duvessa
  5727 | D:6      | Slain by Duvessa

Illustrated notes

Levels and vault maps discovered:
D:1:      lemuel_arrival_tunnels, layout_basic, ebering_ecumenical_altar_box,
          serial_rivers, chequers_serial_rivers_room_b,
          chequers_serial_rivers_small_3, chequers_serial_rivers_large_b,
          chequers_serial_rivers_micro_d
D:2:      layout_basic, basic_altar, uniq_sigmund, uniq_terence
D:3:      layout_basic, guppyfry_early_lair_pool
D:4:      gammafunk_cloud_chamber, layout_gridville
D:6:      layout_loops_ring, serial_shops, shop, chequers_arboretum,
          grunt_decor_mini_mirrors, uniq_duvessa
D:7:      layout_gridville

Skill      XL: |  1  2  3  4  5  6  7  8 |
---------------+-------------------------+-----
Spellcasting   | 3 4 5 6 |  6.8
Fighting       | 1 2 3 |  3.1
Stealth        | 2 |  2.1
Short Blades   | |  0.7
Dodging        | |  2.5

Action                   |  1- 3 |  4- 6 |  7- 9 || total
-------------------------+-------+-------+-------++-------
Melee: Dagger            |    15 |       |       ||    15
       Staff             |       |     3 |       ||     3
 Cast: Foxfire           |    66 |    38 |    10 ||   114
       Scorch            |     4 |    32 |    56 ||    92
       Call Imp          |       |       |     3 ||     3
       Vampiric Draining |       |       |     2 ||     2
  Use: Potion            |       |       |     1 ||     1
Armor: Robe              |     3 |     3 |       ||     6
Dodge: Dodged            |    16 |    11 |    17 ||    44

Table legend: (Time is in decaauts)
 A = Elapsed time spent in this place.
 B = Non-inter-level travel time spent in this place.
 C = Inter-level travel time spent in this place.
 D = Time resting spent in this place.
 E = Time spent auto-exploring this place.
 F = Levels seen in this place.
 G = Mean time per level.
                   A        B        C        D        E       F      G
               +--------+--------+--------+--------+--------+-----+--------+
         Total |   5724 |   5604 |    120 |    155 |   4913 |   6 |  954.0 |
       Dungeon |   5724 |   5604 |    120 |    155 |   4913 |   6 |  954.0 |
               +--------+--------+--------+--------+--------+-----+--------+

Top non-repeatable levels by time:
     D:1: 1712 daAuts
     D:7: 1092 daAuts
     D:2: 1026 daAuts
     D:3: 907 daAuts
     D:6: 506 daAuts
     D:4: 478 daAuts
